AoeStats
← Replay960

QS Arena

503400643Analyzed
4v4 RM · 1mo ago on Aug 31, 2026· 51m 55s· 8 players
Game mode
Random Map
Map size
Large (8 player)
Population
200
Speed
Normal
Resources
Standard
Victory
Conquest
Starting age
Dark Age
Ending age
Imperial Age
RankedLock teamsTeams togetherTeam positionsShared explorationLock speedFull tech treeHidden civsTurbo modeCheats
Victory
Defeat
🇪🇸 Khmer · Spain
909
+13
🇨🇴 Persians · Colombia
861
+35
🇨🇴 Koreans · Colombia
843
+16
🇸🇰 Spanish · Slovakia
831
+17
🇨🇿 Bohemians · Czechia
898
-18
🇨🇿 Teutons · Czechia
893
-17
🇨🇿 Vikings · Czechia
850
-15
🇸🇰 Chinese · Slovakia
747
-11
Elpapid8659
7:33 Feudal Age
12:41 Castle Age
10:58 Double-Bit Axe
14:02 Bow Saw
18:37 Wheelbarrow
20:41 Loom
20:59 Horse Collar
22:19 Hand Cart
21:51 Town Watch
22:14 Heavy Plow
26:11 Imperial Age
25:09 Town Patrol
25:57 Scale Barding Armor
25:51 Stone Mining
25:54 Gold Mining
27:00 Chain Barding Armor
27:13 Bloodlines
27:04 Husbandry
26:47 Cavalier
28:32 Plate Barding Armor
30:02 Savar
31:36 Gold Shaft Mining
31:59 Conscription
33:15 Forging
34:52 Iron Casting
36:54 Blast Furnace
37:37 Caravan
39:32 Fletching
40:28 Crop Rotation
40:14 Bodkin Arrow
43:48 Scale Mail Armor
46:43 Citadels
49:37 Chain Mail Armor
52:56 Chemistry
52:17 Ballistics
52:09 Masonry
Replay960
8:02 Feudal Age
11:26 Castle Age
15:36 Double-Bit Axe
20:42 Gold Mining
21:51 Bow Saw
24:57 Horse Collar
28:04 Imperial Age
26:10 Wheelbarrow
25:21 Town Watch
25:22 Loom
27:02 Caravan
30:11 Ballistics
30:51 Chemistry
29:49 Cavalier
29:49 Light Cavalry
30:30 Husbandry
30:41 Bloodlines
31:01 Forging
30:56 Scale Barding Armor
30:54 Town Patrol
31:11 Hand Cart
31:46 Heavy Scorpion
34:37 Siege Engineers
37:50 Iron Casting
37:36 Chain Barding Armor
39:01 Hussar
40:09 Conscription
39:50 Double Crossbow
45:12 Gold Shaft Mining
44:28 Stone Mining
45:40 Blast Furnace
45:16 Plate Barding Armor
mirro99
8:44 Feudal Age
14:40 Castle Age
12:48 Horse Collar
12:58 Double-Bit Axe
16:55 Town Watch
19:04 Loom
20:39 Wheelbarrow
20:24 Heavy Plow
20:38 Bow Saw
21:47 Hand Cart
21:38 Town Patrol
25:37 Gold Mining
25:40 Stone Mining
26:03 Fortified Wall
25:48 Murder Holes
26:26 Scale Barding Armor
26:31 Forging
27:03 Stone Shaft Mining
30:56 Imperial Age
29:58 Husbandry
30:10 Bloodlines
30:30 Chain Barding Armor
30:46 Iron Casting
32:27 Plate Barding Armor
32:14 Conscription
32:23 Ballistics
33:21 Chemistry
32:03 Cavalier
33:47 Blast Furnace
33:27 Masonry
33:50 Paladin
37:45 Scale Mail Armor
39:20 Gambesons
39:22 Arson
39:37 Squires
39:56 Chain Mail Armor
39:31 Fletching
39:29 Man-at-Arms
40:02 Long Swordsman
40:37 Two-Handed Swordsman
42:19 Plate Mail Armor
41:17 Champion
47:00 Two-Man Saw
47:56 Coinage
47:41 Guilds
47:36 Caravan
49:17 Banking
luhigy23
0:35 Loom
10:25 Feudal Age
12:27 Wheelbarrow
15:04 Castle Age
14:15 Double-Bit Axe
22:02 Gold Mining
22:45 Bow Saw
24:02 Hand Cart
25:03 Gold Shaft Mining
24:18 Stone Mining
24:15 Horse Collar
27:10 Heavy Plow
27:11 Pikeman
27:51 Squires
27:37 Arson
27:37 Gambesons
31:32 Imperial Age
28:48 Town Watch
30:39 Ballistics
29:59 Treadmill Crane
31:02 Stone Shaft Mining
30:32 Town Patrol
30:28 Fletching
30:44 Scale Barding Armor
30:39 Scale Mail Armor
30:50 Forging
31:16 Bodkin Arrow
31:04 Treadmill Crane
32:41 Conscription
31:42 Elite War Wagon
33:54 Chemistry
33:15 Chain Mail Armor
34:51 Shinkichon
36:35 Bracer
36:56 Chain Barding Armor
37:12 Iron Casting
36:40 Halberdier
51:50 Spies/Treason
Flyn
10:40 Feudal Age
11:20 Horse Collar
11:29 Double-Bit Axe
18:28 Castle Age
16:45 Gold Mining
16:46 Stone Mining
19:27 Bow Saw
20:16 Heavy Plow
20:55 Gold Shaft Mining
22:09 Forging
22:00 Scale Mail Armor
23:47 Loom
25:02 Iron Casting
24:43 Chain Mail Armor
28:27 Imperial Age
27:16 Masonry
27:30 Ballistics
27:42 Squires
27:27 Arson
28:52 Elite Berserk
30:48 Blast Furnace
30:19 Plate Mail Armor
32:21 Architecture
32:20 Chieftains
32:50 Conscription
33:42 Pikeman
Chleba
0:32 Loom
9:57 Feudal Age
11:31 Wheelbarrow
11:55 Horse Collar
12:07 Double-Bit Axe
17:55 Castle Age
19:43 Heavy Plow
20:03 Bow Saw
21:41 Ballistics
26:16 Chemistry
29:40 Murder Holes
29:25 Treadmill Crane
30:43 Hand Cart
36:15 Imperial Age
34:54 Wagenburg Tactics
34:17 Pikeman
34:58 Squires
35:09 Padded Archer Armor
35:12 Scale Mail Armor
35:22 Forging
37:19 Conscription
37:09 Sappers
38:01 Conscription
37:34 Houfnice
39:45 Siege Engineers
39:27 Arrowslits
40:59 Leather Archer Armor
giros
1:30 Loom
9:53 Feudal Age
10:21 Double-Bit Axe
10:19 Horse Collar
19:07 Castle Age
20:43 Heavy Plow
20:55 Bow Saw
20:53 Gold Mining
28:20 Imperial Age
28:30 Ballistics
29:23 Crenellations
31:18 Chemistry
30:23 Padded Archer Armor
30:13 Fletching
31:31 Wheelbarrow
30:41 Town Watch
30:50 Stone Mining
31:33 Ironclad
31:58 Heavy Scorpion
32:47 Scale Barding Armor
34:57 Scale Mail Armor
35:08 Forging
35:03 Padded Archer Armor
34:53 Fletching
34:57 Pikeman
35:38 Squires
35:23 Arson
35:36 Halberdier
40:16 Chain Mail Armor
40:36 Iron Casting
RGuardian-
0:42 Loom
8:21 Feudal Age
8:47 Double-Bit Axe
8:44 Horse Collar
18:46 Castle Age
19:37 Bow Saw
19:28 Heavy Plow
21:45 Stone Mining
21:45 Gold Mining
33:13 Imperial Age
31:00 Padded Archer Armor
31:06 Scale Mail Armor
32:48 Leather Archer Armor
32:52 Chain Mail Armor
33:42 Elite Chu Ko Nu
34:43 Conscription
36:24 Ring Archer Armor
35:36 Heavy Rocket Cart
45:47 Siphons
48:35 Pikeman
48:43 Elite Fire Lancer
Connection lost

Rejoining the realm…

Still unreachable

The connection could not be restored.

Session expired

The server has moved on; the page needs a fresh start.